← All builds
Suicide front / Armada / Factory first / OBSERVED BUILD

Standard suicide front

Armada Suicide front build order · Supreme Isthmus

The role's baseline: Bot Lab at 0:21 then straight into reclaim-fed T1 bot production to contest the middle and hold until T2 arrives, with an Advanced Metal Extractor around 9:45.

#rush · 2007 distinct matches · 229 players · 72% of Armada Suicide front games · team won 59% of 2381 · Recently observed

HOW TO PLAY IT

Key timing: Bot Lab by 0:20

  1. Open with mex and lab-first to get Bot Lab up by 0:20.
  2. Expand mex and wind while lab pumps units toward middle.
  3. Push Sentry and early Rocketeer, Centurion to contest middle.
  4. Get T2 constructor out once Pond's boost lets you spare metal.
  5. Upgrade mex to Advanced Metal Extractor as you transition off T1 spam.

Phase by phase

TYPICAL OF ITS 2007 GAMES
  1. 1
  2. 2
  3. 3
PLAY THE OPENING

Follow the example game's first 6:00 step by step: what to build now, what comes next, and where it goes. At 1× it keeps pace with your own game.

  1. 1

    Bot Lab first

    Order
    1. Bot LabBot Lab done ~0:21, middle half 0:20–0:33

    Some games also: mex (44%)

  2. 2

    Bot Lab to 5:00

    Economy
    • Metal Extractor5Mex
    • Wind Turbine4Wind
    Builders
    • Construction Bot3 Con bot
    • Lazarus2 Lazarus
    Army
    • Sentry4 Sentry
    • Rocketeer16 Rocketeer
    • Tick2 Tick
    • Centurion1 Centurion
    Other
    • Radar Tower1 Radar Tower

    Some games also: pawn (38%) · con turret (34%)

    By 5:00 in all: 5 mex · 4 wind

    The example game in this phase · 41 steps
    1. TickTick
    2. Wind
    3. TickTick
    4. Wind
    5. Construction BotCon bot
    6. Mex
    7. SentrySentry
    8. Construction BotCon bot
    9. LazarusLazarus
    10. Mex
    11. SentrySentry
    12. Energy storage
    13. CenturionCenturion
    14. Mex
    15. MaceMace ×2
    16. Radar TowerRadar Tower
    17. RocketeerRocketeer
    18. Mex
    19. SentrySentry
    20. RocketeerRocketeer ×4
    21. LazarusLazarus
    22. Dragon's TeethDragon's Teeth ×2
    23. Con turret
    24. Dragon's TeethDragon's Teeth ×2
    25. CenturionCenturion
    26. Dragon's TeethDragon's Teeth
    27. RocketeerRocketeer ×4
    28. SentrySentry
    29. RocketeerRocketeer
    30. TickTick
    31. Wind
    32. TickTick
    33. Wind
    34. RocketeerRocketeer
    35. Mex
    36. Wind
    37. SentrySentry
    38. Construction BotCon bot
    39. Wind
    40. SentrySentry
    41. Wind
  3. 3

    5:00 to 10:00

    Economy
    • Metal Extractor1Mex
    • Wind Turbine15Wind
    Builders
    • Construction Turret2 Con turret
    • Lazarus2 Lazarus
    • Construction Bot1 Con bot
    Army
    • Sentry1 Sentry
    • Rocketeer8 Rocketeer

    Some games also: pawn (49%) · Radar Tower (46%) · tick (45%) · centurion (44%) · energy storage (43%) · eat Bot Lab (31%)

    By 10:00 in all: 6 mex · 21 wind · 1 energy storage · 2 con turret

    The example game in this phase · 54 steps
    1. Construction BotCon bot
    2. Wind ×2
    3. RocketeerRocketeer
    4. Dragon's TeethDragon's Teeth ×2
    5. Wind
    6. Dragon's TeethDragon's Teeth ×3
    7. RocketeerRocketeer
    8. Dragon's TeethDragon's Teeth ×5
    9. RocketeerRocketeer
    10. Converter
    11. Con turret
    12. Dragon's TeethDragon's Teeth ×4
    13. Converter
    14. RocketeerRocketeer
    15. Converter
    16. RocketeerRocketeer
    17. LazarusLazarus
    18. SentrySentry
    19. Wind ×2
    20. LazarusLazarus
    21. Wind ×2
    22. CenturionCenturion
    23. Wind ×2
    24. GauntletGauntletdone 7:30
    25. Con turret
    26. CenturionCenturion ×2
    27. Wind
    28. Con turret
    29. Dragon's TeethDragon's Teeth ×5
    30. Wind
    31. CenturionCenturion
    32. Wind
    33. Con turret
    34. Wind ×3
    35. CenturionCenturion
    36. Wind ×5
    37. Converter
    38. Wind
    39. Advanced Metal ExtractorT2 mexnot finished by 15:00 · typical 9:46
    40. GauntletGauntlet
    41. Converter
    42. LazarusLazarus
    43. Wind
    44. Converter
    45. Wind
    46. LazarusLazarus
    47. Wind ×3
    48. Converter ×2
    49. Wind
    50. Converter
    51. Wind ×2
    52. Bot LabBot Labdone 9:53
    53. Wind ×4
    54. Metal storage

Counts are medians over the build's games: half of them build more, half fewer. The example game is XuunnY's (33 OS, 12/10/2026); pick another.

Team trades

IN AT LEAST 30% OF ITS GAMES

You hand over

Nothing regular.

You get

  • Tidal Generator4 Tidal from Pondfirst at 0:10 · in 68% of games
  • Advanced Construction Bot1 T2 con bot from Geo or Techfirst at 7:41 · in 57% of games

How it plays out

Typical game of this build, running totals by minute

Metal produced

010k20k
0:005:0010:0015:00

metal

Enemy metal destroyed

05k10k
0:005:0010:0015:00

metal

Own metal lost

05k10k
0:005:0010:0015:00

metal

2381 games.

Show as table
ByMetal produced: This buildEnemy metal destroyed: This buildOwn metal lost: This build
1:0023000
2:0088700
3:002009184130
4:003110645502
5:00418513571001
6:00534921831713
7:00653930512597
8:00776039383502
9:00904546934382
10:001041853145176
11:001189258555965
12:001360364066686
13:001541268767439
14:001729875038212
15:001926981098997
WHAT THE NUMBERS SAY

Standard Suicide front play wins a bit over half its games while taking the heaviest own losses of any role by 15:00.

  • + Produces 20142 metal by 15:00, highest of the front roles.
  • + First kill by 2:01 in all games, fastest contest of middle.
  • − Own metal lost hits 9178 by 15:00, more than enemy metal destroyed.
  • − Only 34% Rocketeer share shows army spread thin across many bot types.
THE EXAMPLE YOU ARE READING

XuunnY

33.0 OS · 12/10/2026

Open source match ↗

6 received units · includes a constructor
224 metal received · 36447 energy received

Allied construction assistance is unknown. Timings are observations, not a promise of solo reproducibility.

Typical milestones

Bot Lab0:21Middle 50%: 0:20–0:33 · n=2373
Advanced Metal Extractor9:46Middle 50%: 8:50–10:58 · n=1721

Played most by

_X_262games of this buildPlatinumBlonde188games of this buildXad166games of this buildTrapCaT107games of this buildImmort80games of this build